 Dungeon Crawl Stone Soup version 0.31-a0-986-g5e6e4ef867 (webtiles) character file.

Game seed: 1484401041357725794

394421 Ekaitz the Cloud Mage (level 23, -3/144 HPs)
             Began as a Tengu Air Elementalist on Oct 25, 2023.
             Was the Champion of Vehumet.
             Killed by an exploding ball lightning (10 damage)
             ... on level 5 of the Vaults on Nov 4, 2023.
             The game lasted 04:10:47 (58753 turns).

Ekaitz the Cloud Mage (Tengu Air Elementalist)     Turns: 58753, Time: 04:10:48

Health: -3/144     AC: 16    Str:  9    XL:     23   Next: 17%
Magic:  38/45      EV: 30    Int: 23    God:    Vehumet [******]
Gold:   3259       SH: 10    Dex: 24    Spells: 11/57 levels left

rFire   . . .        A - staff of air
rCold   + + +        L - +2 buckler {reflect}
rNeg    . . .        B - +4 skin of Zhor {*Englaciate rC+++ SInv}
rPois   .            G - +0 mask of the Dragon {Will+ Slay+3 SInv}
rElec   +            t - +2 cloak {Stlth+}
rCorr   +            Q - +2 pair of gloves
SInv    +            (boots unavailable)
Will    ++...        W - amulet of magic regeneration
Stlth   ++++++       y - +4 ring of protection
HPRegen 0.44/turn    I - ring "Ydacoyw" {rCorr Dex+6 Stlth+}
MPRegen 0.69/turn

%: reflection, acrobat
@: radiating poison, flying
A: beak, talons 3, evasive flight, acrobatic
}: 2/15 runes: barnacled, gossamer
a: Renounce Religion


You were on level 5 of the Vaults.
You worshipped Vehumet.
Vehumet was exalted by your worship.
You visited 8 branches of the dungeon, and saw 39 of its levels.
You also visited: Ice Cave.

You collected 5749 gold pieces.
You spent 2490 gold pieces at shops.

Inventory:

Hand Weapons
 q - a +8 scimitar of flaming
 M - the +7 dagger "Duffamm" {flame, SInv}
   (You found it on level 2 of the Spider Nest)

   SInv:      It lets you see invisible.
 V - the +8 trishula "Condemnation" {holy, anguish, *Noise Fly rN+}
   (You found it on level 4 of the Lair of Beasts)

   rN+:       It protects you from negative energy.
   Fly:       It grants you flight.
   *Noise:    It may make a loud noise when swung.
Missiles
 m - 56 poisoned darts
 K - 8 curare-tipped darts
 P - 6 throwing nets
Armour
 t - a +2 cloak of stealth (worn)
 z - a +2 robe of willpower
 B - the +4 skin of Zhor (worn) {*Englaciate rC+++ SInv}
   (You found it in an ice cave)

   *Englaciate: It radiates cold, occasionally slowing all nearby creatures who
   are not resistant to cold.
   rC+++:     It renders you almost immune to cold.
   SInv:      It lets you see invisible.
 G - the +0 mask of the Dragon (worn) {Will+ Slay+3 SInv}
   (You bought it in a shop on level 1 of the Vaults)

   Slay+3:    It affects your accuracy & damage with ranged weapons and melee
   (+3).
   Will+:     It increases your willpower.
   SInv:      It lets you see invisible.
 L - a +2 buckler of reflection (worn)
 Q - a +2 pair of gloves (worn)
Magical Staves
 b - a staff of poison
 A - a staff of air (weapon)
 C - a staff of death
Jewellery
 a - a +6 ring of intelligence
 e - a ring of magical power
 u - a ring of positive energy
 y - a +4 ring of protection (left hand)
 F - a ring of fire
 I - the ring "Ydacoyw" (right hand) {rCorr Dex+6 Stlth+}
   (You found it on level 7 of the Dungeon)

   [ring of dexterity]

   Dex+6:     It affects your dexterity (+6).
   rCorr:     It protects you from acid and corrosion.
   Stlth+:    It makes you more stealthy.
 W - an amulet of magic regeneration (around neck)
Wands
 o - a wand of flame (143)
 p - a wand of mindburst (35)
 s - a wand of digging (12)
 E - a wand of light (30)
 S - a wand of roots (29)
 X - a wand of charming (55)
Scrolls
 c - 15 scrolls of teleportation
 d - 6 scrolls of poison
 f - 5 scrolls of revelation
 h - 2 scrolls of summoning
 w - 15 scrolls of fog
 x - a scroll of blinking
 H - 8 scrolls of immolation
 U - 2 scrolls of silence
 Z - 4 scrolls of fear
Potions
 g - 22 potions of curing
 j - 10 potions of brilliance
 k - 11 potions of heal wounds
 l - 8 potions of haste
 n - 6 potions of invisibility
 v - 3 potions of cancellation
 D - 2 potions of mutation
 J - a potion of enlightenment
 N - 11 potions of ambrosia
 O - 5 potions of magic
 R - 3 potions of berserk rage
 Y - 4 potions of resistance
Miscellaneous
 i - a phial of floods
 r - a phantom mirror
 T - a box of beasts


   Skills:
 * Level 15.3 Fighting
 + Level 3.5(3.7) Short Blades
 + Level 1.3(2.6) Long Blades
 * Level 16.6 Dodging
 + Level 5.3 Stealth
 + Level 10.3 Shields
 + Level 17.5 Spellcasting
 * Level 14.0 Conjurations
 * Level 14.3 Fire Magic
 + Level 3.2 Ice Magic
 + Level 22.9 Air Magic
 + Level 9.1 Poison Magic
 + Level 15.3 Evocations


You had 11 spell levels left.
You knew the following spells:

 Your Spells              Type           Power      Damage    Failure   Level
a - Shock                 Conj/Air       100%       1d9       0%          1
b - Static Discharge      Conj/Air       100%       3-8/arc   0%          2
c - Poisonous Vapours     Pois/Air       100%       N/A       0%          2
d - Airstrike             Air            56%        2d(8-24)  0%          4
e - Olgreb's Toxic Radia  Pois           58%        N/A       1%          4
f - Fireball              Conj/Fire      35%        3d15      1%          5
g - Freezing Cloud        Conj/Ice/Air   44%        6-21      1%          5
h - Plasma Beam           Fire/Air       51%        2x1d66    1%          6
i - Conjure Ball Lightni  Conj/Air       51%        3x3d18    1%          6
w - Swiftness             Air            100%       N/A       0%          3
C - Maxwell's Capacitive  Air            56%        ∞         1%          8

Your spell library contained the following spells:

 Spells                   Type           Power      Damage    Failure   Level
 Chain Lightning          Conj/Air       51%        3d68      41%         9
 Magic Dart               Conj           100%       1d8       0%          1
 Mephitic Cloud           Conj/Pois/Air  94%        N/A       0%          3
 Freeze                   Ice            100%       1d10      1%          1
 Frozen Ramparts          Ice            70%        1d11      1%          3
 Hailstorm                Conj/Ice       56%        3d12      1%          3
 Ignite Poison            Fire/Tmut/Pois 54%        N/A       1%          3
 Inner Flame              Hex/Fire       52%        N/A       1%          3
 Iskenderun's Mystic Bla  Conj/Tloc      51%        2d11      1%          4
 Vhi's Electric Charge    Tloc/Air       100%       N/A       1%          4
 Arcjolt                  Conj/Air       51%        1d61      1%          5
 Irradiate                Conj/Tmut      25%        3d20      1%          5
 Silence                  Hex/Air        41%        N/A       1%          5
 Ensorcelled Hibernation  Hex/Ice        54%        N/A       2%          2
 Ozocubu's Armour         Ice            35%        N/A       2%          3
 Apportation              Tloc           40%        N/A       3%          1
 Necrotise                Necr           80%        1d8       3%          1
 Summon Small Mammal      Summ           80%        N/A       3%          1
 Call Imp                 Summ           40%        N/A       5%          2
 Sublimation of Blood     Necr           20%        N/A       5%          2
 Call Canine Familiar     Summ           20%        N/A       11%         3
 Gell's Gravitas          Tloc           20%        N/A       11%         3
 Summon Guardian Golem    Hex/Summ       20%        N/A       11%         3
 Teleport Other           Tloc           20%        N/A       11%         3
 Tukima's Dance           Hex            20%        N/A       11%         3
 Vampiric Draining        Necr           20%        2d7       11%         3
 Alistair's Intoxication  Tmut/Pois      27%        N/A       14%         5
 Summon Ice Beast         Ice/Summ       27%        N/A       17%         4
 Ignition                 Fire           36%        3d11      17%         8
 Eringya's Noxious Bog    Tmut/Pois      20%        4d6       21%         6
 Yara's Violent Unravell  Hex/Tmut       10%        3d6       24%         5
 Anguish                  Hex/Necr       10%        N/A       34%         4
 Animate Dead             Necr           20%        N/A       34%         4
 Dimensional Bullseye     Hex/Tloc       10%        N/A       34%         4
 Manifold Assault         Tloc           20%        N/A       34%         4
 Passage of Golubria      Tloc           20%        N/A       34%         4
 Petrify                  Tmut/Erth      20%        N/A       34%         4
 Metabolic Englaciation   Hex/Ice        13%        N/A       43%         5
 Borgnjor's Vile Clutch   Necr/Erth      10%        N/A       67%         5
 Summon Forest            Summ/Tloc      10%        N/A       67%         5
 Summon Mana Viper        Hex/Summ       20%        N/A       67%         5
 Ozocubu's Refrigeration  Ice            17%        4d11      86%         7
 Simulacrum               Ice/Necr       13%        N/A       95%         6
 Lehudib's Crystal Spear  Conj/Erth      25%        10d7      95%         8
 Death Channel            Necr           10%        N/A       99%         6
 Dispersal                Tloc           10%        N/A       99%         6
 Summon Cactus Giant      Summ           10%        N/A       99%         6
 Enfeeble                 Hex            10%        N/A       100%        7
 Borgnjor's Revivificati  Necr           10%        N/A       100%        8
 Discord                  Hex            10%        N/A       100%        8
 Disjunction              Tloc           10%        N/A       100%        8
 Polar Vortex             Ice            17%        12d2*     100%        9


Dungeon Overview and Level Annotations

Branches:
Dungeon (15/15)            Temple (1/1) D:5            Lair (5/5) D:9
 Shoals (4/4) Lair:3       Spider (4/4) Lair:3        Slime (0/5) Lair:4
    Orc (2/2) D:11            Elf (3/3) Orc:2        Vaults (5/5) D:13
  Crypt (0/3) Vaults:2     Depths (0/4) D:15          IceCv (visited)

Altars:
Ashenzari
Cheibriados
Dithmenos
Elyvilon
Fedhas
Gozag
Hepliaklqana
Kikubaaqudgha
Makhleb
Nemelex Xobeh
Okawaru
Qazlal
Ru
Sif Muna
Trog
Uskayaw
Vehumet
Wu Jian
Xom
Yredelemnul
Zin
The Shining One

Shops:
D:1 *   D:4 (   D:6 !   D:12 (   Orc:1 :   Orc:2 (*?([   Shoals:4 [
Vaults:1 ?[   Vaults:3 ((![

Annotations:
D:7 pokeman's ghost, novice DEHW
Temple 2 transporters
Lair:2 1 runed translucent door
Lair:5 1 runed translucent door


Innate Abilities, Weirdness & Mutations

You have a beak for a mouth.
You have claws for feet.
Your magical flight helps you evade attacks. (EV +4)
You can magically evade attacks while moving or waiting.


Message History

Confirm with . or Enter, or press ? or * to list all spells.
You begin to radiate toxic energy.
The fire giant looks as sick as possible!
The white very ugly thing looks as sick as possible! x2
You are engulfed in freezing vapours.
You resist.
* * * LOW HITPOINT WARNING * * *
The fire giant looks as sick as possible!
You kill the white very ugly thing!
Vehumet accepts your kill.
You feel your power returning.
The white very ugly thing looks as sick as possible!
You kill the white very ugly thing!
Vehumet accepts your kill.
Your ball lightning explodes!
The blast of lightning engulfs the white very ugly thing!
The white very ugly thing is moderately wounded.
The blast of lightning engulfs the freezing wraith!!
The freezing wraith is heavily damaged.
The blast of lightning engulfs the fire giant!!
The fire giant is severely wounded.
The blast of lightning engulfs your ball lightning.
Your ball lightning completely resists.
Your ball lightning is almost destroyed.
The blast of lightning engulfs you! You resist.
* * * LOW HITPOINT WARNING * * *
The blast of lightning engulfs your ball lightning.
Your ball lightning completely resists.
Your ball lightning explodes!
The blast of lightning engulfs the white very ugly thing!!
The white very ugly thing is severely wounded.
The blast of lightning engulfs you! You resist.
* * * LOW HITPOINT WARNING * * *
The blast of lightning engulfs your ball lightning.
Your ball lightning completely resists.
The blast of lightning engulfs the fire giant!!!
You kill the fire giant!
Vehumet accepts your kill.
Your ball lightning explodes!
The blast of lightning engulfs you! You resist.
You die...

.# #....# ...
#....# . ....
#....# ..
....##..§.# ...
....§#§§§.#...#
....)§§§§§...#
####§§§§§§..###
.....§§@§§).)..
.....u§§§§)....
....§§§§<§.....
....)§.§§).../)
####W.......###
...........
#X.#....#....
..##....#....


You could see a tentacled monstrosity, a white very ugly thing (extremely
poisoned) and a freezing wraith.

Vanquished Creatures
  A dread lich (Vaults:2)
  Nikola (Elf:2)
  The ghost of Yhagabbo the Devastator, an adept DrCj of Sif Muna (Vaults:3)
  Rupert (D:12)
  A tentacled monstrosity (Vaults:3)
  Zenata (Vaults:2)
  A deep elf blademaster (Elf:2)
  3 sphinxes
  A kraken (Shoals:4)
  An ancient champion (Vaults:2)
  Kirke (Lair:5)
  A tengu reaver (Vaults:5)
  3 fire giants
  6 emperor scorpions
  3 deep elf elementalists (Elf:3)
  12 vault wardens
  Louise (Spider:4)
  A frost giant (Vaults:3)
  5 deep elf sorcerers
  8 ghost moths
  2 broodmothers
  4 orc warlords
  3 very ugly things (Vaults:5)
  2 formless jellyfish
  5 ironbound thunderhulks
  2 war gargoyles (Vaults:4)
  Azrael (D:12)
  16 ironbound preservers
  2 stone giants
  4 deep elf demonologists (Elf:3)
  18 dire elephants
  4 spark wasps
  12 deep elf annihilators
  10 deep elf death magi
  4 ettins
  2 fire dragons
  3 merfolk javelineers
  7 merfolk impalers
  7 deep elf high priests
  31 vault guards
  An ice dragon (Orc:2)
  6 entropy weavers
  11 yaktaur captains
  3 rakshasas
  8 hydras
  The ghost of SkeletonJelly the Spear-Bearer, a journeyman DsCK of Xom (Lair:2)
  5 great orbs of eyes
  2 jorogumos
  2 catoblepae (Lair:5)
  2 peacekeepers (Vaults:4)
  An ogre mage (D:13)
  Erica (Orc:1)
  8 centaur warriors
  9 ironbound frosthearts
  6 merfolk avatars
  3 alligator snapping turtles (Shoals:4)
  A death knight (Vaults:2)
  A death scarab (Spider:2)
  6 radroaches
  7 boulder beetles
  2 satyrs
  21 dancing weapons
  3 merfolk aquamancers
  10 death yaks
  4 two-headed ogres
  A vampire mage (Vaults:2)
  7 orc high priests (Orc:2)
  11 demonic crawlers
  2 occultists (Elf:2)
  18 deep elf knights
  3 skeletal warriors (D:13)
  4 skysharks
  2 sun moths (Spider:2)
  11 orb spiders
  3 pharaoh ants
  9 sea snakes
  7 arcanists
  14 harpies
  13 deep elf archers
  20 lindwurms
  24 ironbound convokers
  46 deep trolls
  A tengu zombie (Vaults:2)
  4 necromancers
  A phantasmal warrior (Vaults:5)
  27 deep elf pyromancers
  22 deep elf zephyrmancers
  2 steelbarb worms (Spider:3)
  10 ugly things
  11 orc knights
  An oklob plant (Lair:4)
  5 orc sorcerers
  21 wolf spiders
  9 manticores
  7 cyclopes
  26 fauns
  6 moths of wrath
  A stone giant skeleton (Vaults:3)
  6 black mambas
  17 elephants
  Maurice (D:12)
  An ice statue (IceCv)
  5 water nymphs
  14 merfolk sirens
  A water nymph (shapeshifter) (Vaults:3)
  12 torpor snails
  12 vault sentinels
  2 gargoyles
  3 rime drakes
  10 cane toads
  4 komodo dragons
  29 yaktaurs
  An efreet (D:12)
  5 freezing wraiths
  2 unseen horrors (D:10)
  6 tengu conjurers
  6 kobold demonologists
  13 ice devils (IceCv)
  6 trolls
  29 merfolk
  A polar bear (shapeshifter) (Elf:1)
  9 meliai (Spider:3)
  2 polar bears
  8 wind drakes
  26 hornets
  10 blink frogs (Lair:5)
  3 tyrant leeches (Lair:5)
  26 tarantellas
  22 dream sheep
  An ettin zombie (Vaults:3)
  9 snapping turtles
  29 culicivoras
  15 slime creatures
  An air elemental (Elf:3)
  A centaur simulacrum (D:15)
  3 vampires
  38 jumping spiders
  A flying skull (Vaults:2)
  7 wyverns
  A shadow (D:10)
  2 dire elephant simulacra (IceCv)
  4 basilisks
  4 wraiths
  71 yaks
  5 fire elementals
  12 water elementals
  2 death yak simulacra (IceCv)
  A human simulacrum (Vaults:2)
  A steam dragon (D:7)
  3 humans
  68 redbacks
  8 vampire mosquitoes
  4 wargs
  Edmund (D:4)
  3 harpy simulacra (IceCv)
  4 human zombies
  An acid dragon (D:7)
  A hydra simulacrum (IceCv)
  A glowing shapeshifter zombie (Vaults:2)
  14 water moccasins
  A hell hound (D:12)
  48 orc warriors
  An ice beast (D:7)
  A sky beast (D:7)
  11 ogres
  7 boggarts
  7 wolves
  7 centaurs
  3 kobold brigands
  14 bullfrogs
  5 cane toad simulacra (IceCv)
  3 gnoll sergeants (D:8)
  A two-headed ogre simulacrum (IceCv)
  8 scorpions
  11 wights
  6 elephant simulacra (IceCv)
  22 killer bees
  8 howler monkeys
  A vampire bat (D:3)
  4 electric eels
  4 crimson imps
  2 quasits (D:7)
  36 orc priests
  Crazy Yiuf (D:4)
  4 gnoll boudas (D:8)
  15 hounds
  A jelly (D:5)
  Jessica (D:3)
  5 iguanas
  2 sleepcaps
  16 orc wizards
  A troll simulacrum (IceCv)
  A spriggan simulacrum (IceCv)
  5 polar bear simulacra (IceCv)
  A wolf simulacrum (IceCv)
  6 gnolls
  11 adders
  A naga simulacrum (IceCv)
  2 shadow imps
  4 white imps
  7 ufetubi
  A worm (D:4)
  4 dart slugs
  3 fire bats (D:3)
  93 orcs
  2 spectral bats (D:3)
  3 bat skeletons (D:3)
  A bat zombie (D:3)
  5 endoplasms
  4 giant cockroaches
  3 goblins
  3 hobgoblins
  8 jackals
  15 kobolds
  4 quokkas
  7 ball pythons
  23 bats
  A bat simulacrum (D:3)
  5 frilled lizards
  3 rats
  A butterfly (D:5)
  3 tentacles (Shoals:4)
1760 creatures vanquished.

Vanquished Creatures (collateral kills)
  A redback (Spider:3)
1 creature vanquished.

Vanquished Creatures (others)
  The ghost of Beno the Reanimator, a journeyman HuNe of Nemelex Xobeh (Elf:2)
  A radroach (Spider:2)
  A deep elf zephyrmancer (Elf:2)
  2 rime drakes
  4 humans (Lair:5)
  35 ball lightnings
  2 tentacles (Shoals:4)
46 creatures vanquished.

Grand Total: 1807 creatures vanquished

Notes
Turn   | Place    | Note
-------+----------+-------------------------------------------
     0 | D:1      | Ekaitz the Tengu Air Elementalist began the quest for the
                  | Orb.
     0 | D:1      | Reached XP level 1. HP: 10/10 MP: 4/4
   153 | D:1      | Found Jynesh's General Store.
   268 | D:1      | Reached XP level 2. HP: 9/15 MP: 1/6
   273 | D:1      | Learned a level 2 spell: Static Discharge
   556 | D:1      | Found a faded altar of an unknown god.
   868 | D:2      | Reached XP level 3. HP: 18/19 MP: 1/7
   872 | D:2      | Learned a level 3 spell: Swiftness
  1189 | D:2      | Reached skill level 5 in Air Magic
  1303 | D:2      | Reached XP level 4. HP: 24/24 MP: 2/8
  2163 | D:3      | Reached skill level 1 in Fighting
  2238 | D:3      | Noticed Jessica
  2241 | D:3      | Noticed a bullfrog
  2262 | D:3      | Killed Jessica
  2263 | D:3      | Reached XP level 5. HP: 28/29 MP: 3/9
  2286 | D:3      | Reached skill level 6 in Air Magic
  2366 | D:3      | Found a broken altar of Ashenzari.
  2757 | D:3      | Found a shimmering altar of Xom.
  2766 | D:3      | Reached XP level 6. HP: 35/35 MP: 3/11
  3363 | D:4      | Gained mutation: Your magical flight helps you evade
                  | attacks. (EV +4) [Tengu growth]
  3363 | D:4      | Reached XP level 7. HP: 40/40 MP: 10/12
  3368 | D:4      | Learned a level 4 spell: Airstrike
  3653 | D:4      | Found Beplic's Antique Weapon Boutique.
  3721 | D:4      | Reached skill level 7 in Air Magic
  3940 | D:4      | Reached skill level 1 in Short Blades
  3952 | D:4      | Learned a level 2 spell: Poisonous Vapours
  4097 | D:4      | Noticed Edmund
  4114 | D:4      | HP: 1/40 [Edmund/+1 dire flail of protection (6)]
  4123 | D:4      | Killed Edmund
  4303 | D:4      | Found a runed translucent door.
  4304 | D:4      | Noticed Crazy Yiuf
  4325 | D:4      | Killed Crazy Yiuf
  4326 | D:4      | Reached skill level 1 in Poison Magic
  4568 | D:4      | Reached XP level 8. HP: 46/46 MP: 9/14
  4688 | D:5      | Entered Level 5 of the Dungeon
  5357 | D:5      | Reached skill level 8 in Air Magic
  5638 | D:5      | Found a blossoming altar of Fedhas.
  5799 | D:5      | Found an ornate altar of the Wu Jian Council.
  6318 | D:5      | Found a staircase to the Ecumenical Temple.
  6494 | Temple   | Found a transporter.
  6494 | Temple   | Found a transporter.
  6494 | Temple   | Found a transporter.
  6494 | Temple   | Found a transporter.
  6494 | Temple   | Entered the Ecumenical Temple
  6507 | Temple   | Became a worshipper of Vehumet
  6580 | D:6      | Found Zenac's Distillery.
  6588 | D:6      | Bought a potion of haste for 140 gold pieces
  6846 | D:6      | Reached skill level 9 in Air Magic
  6931 | D:6      | Reached skill level 5 in Spellcasting
  7121 | D:6      | Reached skill level 5 in Dodging
  7121 | D:6      | Reached XP level 9. HP: 48/51 MP: 8/17
  7481 | D:6      | Reached skill level 5 in Conjurations
  7946 | D:1      | Bought a potion of heal wounds for 50 gold pieces
  7946 | D:1      | Bought a scroll of identify for 20 gold pieces
  7946 | D:1      | Bought a scroll of brand weapon for 95 gold pieces
  8115 | D:7      | Noticed pokeman's ghost (novice DEHW)
  8133 | D:7      | Found a transporter.
  8140 | D:7      | Identified the +9 spear "Qowno" {heavy, rC+}
  8175 | D:7      | Reached * piety under Vehumet
  8175 | D:7      | Offered knowledge of Magic Dart by Vehumet.
  8355 | D:7      | Reached skill level 10 in Air Magic
  9052 | D:7      | Reached skill level 11 in Air Magic
  9110 | D:7      | Offered knowledge of Searing Ray by Vehumet.
  9110 | D:7      | Reached ** piety under Vehumet
  9111 | D:7      | Reached skill level 1 in Evocations
  9111 | D:7      | Reached XP level 10. HP: 34/58 MP: 9/19
  9380 | D:7      | Found a transporter.
  9777 | D:7      | Identified the ring "Ydacoyw" {rCorr Dex+6 Stlth+}
 10035 | D:8      | Reached skill level 1 in Shields
 10121 | D:8      | Reached skill level 5 in Fighting
 10303 | D:8      | Offered knowledge of Dazzling Flash by Vehumet.
 10353 | D:8      | Reached skill level 12 in Air Magic
 10601 | D:8      | Reached *** piety under Vehumet
 10978 | D:8      | Offered knowledge of Olgreb's Toxic Radiance by Vehumet.
 10984 | D:8      | Learned a level 4 spell: Olgreb's Toxic Radiance
 11718 | D:8      | Reached XP level 11. HP: 63/64 MP: 17/22
 12252 | D:8      | Found a burning altar of Makhleb.
 12454 | D:6      | Bought a potion of ambrosia for 112 gold pieces
 12454 | D:6      | Bought a potion of magic for 112 gold pieces
 13179 | D:9      | Found a staircase to the Lair.
 13378 | D:10     | Entered Level 10 of the Dungeon
 13509 | D:10     | Reached **** piety under Vehumet
 13600 | D:10     | Offered knowledge of Lee's Rapid Deconstruction by Vehumet.
 13622 | D:10     | Noticed a boulder beetle
 13622 | D:10     | You are sucked into a shaft and drop 3 floors!
 13622 | D:12     | Identified the "Raiw"
 13622 | D:12     | Identified the "Cyboax"
 13622 | D:12     | Identified the "Bevooqim"
 13622 | D:12     | Identified the "Guleat"
 13622 | D:12     | Identified the "Wiproos"
 13639 | D:13     | Noticed a manticore
 13642 | D:13     | Killed a manticore
 13643 | D:13     | Reached skill level 13 in Air Magic
 14232 | D:10     | Reached skill level 5 in Evocations
 14443 | D:10     | Killed a boulder beetle
 14668 | D:10     | Reached XP level 12. HP: 71/71 MP: 11/25
 15177 | D:11     | Reached ***** piety under Vehumet
 15190 | D:11     | Offered knowledge of Fireball by Vehumet.
 15227 | D:11     | Learned a level 5 spell: Fireball
 15334 | D:11     | Found a staircase to the Orcish Mines.
 15360 | D:11     | Reached skill level 14 in Air Magic
 15596 | D:11     | Noticed a two-headed ogre
 15600 | D:11     | Killed a two-headed ogre
 15715 | D:11     | Noticed a two-headed ogre
 15722 | D:11     | Reached skill level 1 in Fire Magic
 15731 | D:11     | Killed a two-headed ogre
 16054 | Lair:1   | Entered Level 1 of the Lair of Beasts
 16343 | Lair:1   | Noticed a dire elephant
 16371 | Lair:1   | Killed a dire elephant
 17005 | Lair:1   | Reached XP level 13. HP: 78/78 MP: 21/27
 17013 | Lair:1   | Learned a level 5 spell: Freezing Cloud
 17138 | Lair:1   | Identified the orb "Buczet" {guile, Slay+3}
 17586 | Lair:2   | Reached skill level 5 in Shields
 17818 | Lair:2   | Found a runed translucent door.
 17819 | Lair:2   | Noticed SkeletonJelly's ghost (journeyman DsCK)
 17847 | Lair:2   | Killed SkeletonJelly's ghost
 18201 | Lair:2   | Reached skill level 10 in Spellcasting
 18203 | Lair:2   | Offered knowledge of Starburst by Vehumet.
 18392 | Lair:2   | Found a runed translucent door.
 18538 | Lair:3   | Found a hole to the Spider Nest.
 18553 | Lair:3   | Reached skill level 15 in Air Magic
 18573 | Lair:3   | Identified the +9 quarterstaff of Lionk {heavy, *Rage rN++
                  | Dex+3}
 18809 | Lair:3   | Reached skill level 5 in Poison Magic
 19357 | Lair:3   | Found a staircase to the Shoals.
 19600 | Lair:4   | Reached skill level 10 in Dodging
 19747 | Lair:4   | Reached skill level 5 in Fire Magic
 19748 | Lair:4   | Reached XP level 14. HP: 79/84 MP: 19/29
 19852 | Lair:4   | Found a staircase to the Slime Pits.
 20279 | Lair:4   | Found the +8 trishula "Condemnation" {holy, anguish, *Noise
                  | Fly rN+}
 20694 | Lair:5   | Entered Level 5 of the Lair of Beasts
 20859 | Lair:5   | Found the dreamshard necklace {Acrobat *Dream}
 21018 | Lair:5   | Noticed Kirke
 21750 | Lair:5   | Upgraded the game from 0.31-a0-963-ga325b2283a to
                  | 0.31-a0-965-g8a8ce12e04
 21762 | Lair:5   | Killed Kirke
 21763 | Lair:5   | Reached skill level 1 in Ice Magic
 21769 | Lair:5   | Offered knowledge of Ozocubu's Refrigeration by Vehumet.
 22258 | Lair:5   | Reached XP level 15. HP: 92/92 MP: 26/31
 22474 | Lair:5   | Found a runed translucent door.
 22723 | Lair:5   | Reached skill level 10 in Fighting
 23214 | Orc:1    | Entered Level 1 of the Orcish Mines
 23244 | Orc:1    | Noticed Erica
 23248 | Orc:1    | Killed Erica
 23465 | IceCv    | Identified the of Xaogh
 23465 | Orc:2    | Entered Level 2 of the Orcish Mines
 23465 | Orc:2    | Noticed an orc warlord
 23477 | Orc:2    | Killed an orc warlord
 23504 | Orc:2    | Learned a level 6 spell: Plasma Beam
 23522 | Orc:2    | Reached skill level 16 in Air Magic
 23594 | Orc:2    | Found a frozen archway.
 23901 | IceCv    | Entered an ice cave
 24853 | IceCv    | Offered knowledge of Spellforged Servitor by Vehumet.
 24889 | IceCv    | Found the +4 skin of Zhor {*Englaciate rC+++ SInv}
 25228 | IceCv    | Found an ancient bone altar of Kikubaaqudgha.
 25777 | Orc:2    | Found Voedgh's Antique Weapon Emporium.
 25780 | Orc:2    | Found a staircase to the Elven Halls.
 25794 | Orc:1    | Found Ginizxuo's Vocational Training.
 25846 | Orc:1    | Noticed an orc warlord
 25859 | Orc:1    | Killed an orc warlord
 26273 | Orc:1    | Bought a manual of Evocations for 1360 gold pieces
 26566 | Orc:2    | Reached ****** piety under Vehumet
 26633 | Orc:2    | Offered knowledge of Conjure Ball Lightning by Vehumet.
 26662 | Orc:2    | Reached XP level 16. HP: 81/99 MP: 16/33
 26753 | Orc:2    | Found Gistreidgh's General Store.
 26753 | Orc:2    | Found Uskumalu's Magic Scroll Emporium.
 26754 | Orc:2    | Found Miasaero's Antique Weapon Shoppe.
 26754 | Orc:2    | Found Bobbel's Antique Armour Emporium.
 27194 | Lair:1   | Learned a level 6 spell: Conjure Ball Lightning
 27298 | Spider:1 | Entered Level 1 of the Spider Nest
 28557 | Spider:1 | Reached skill level 17 in Air Magic
 29376 | Spider:2 | Offered knowledge of Bombard by Vehumet.
 29875 | Spider:2 | Found the +10 dark maul {heavy}
 30749 | Spider:2 | Reached skill level 1 in Long Blades
 31375 | Spider:2 | Identified the +7 dagger "Duffamm" {flame, SInv}
 31521 | Spider:2 | Reached XP level 17. HP: 100/104 MP: 9/34
 31809 | Spider:3 | Offered knowledge of Ignition by Vehumet.
 33106 | Spider:3 | Saved by the dreamshard amulet
 33322 | Spider:3 | Reached skill level 18 in Air Magic
 33820 | Spider:4 | Entered Level 4 of the Spider Nest
 33837 | Spider:4 | Reached skill level 10 in Evocations
 34468 | Spider:4 | Noticed Louise
 34479 | Spider:4 | Killed Louise
 36040 | Spider:4 | Reached XP level 18. HP: 100/112 MP: 5/36
 36462 | Spider:4 | Got a gossamer rune of Zot
 36887 | Shoals:1 | Entered Level 1 of the Shoals
 37015 | Shoals:1 | Reached skill level 10 in Shields
 37251 | Shoals:1 | Reached skill level 10 in Fire Magic
 38737 | Shoals:2 | Offered knowledge of Lehudib's Crystal Spear by Vehumet.
 38737 | Shoals:2 | Offered knowledge of Chain Lightning by Vehumet.
 38737 | Shoals:2 | Offered knowledge of Maxwell's Capacitive Coupling by
                  | Vehumet.
 39549 | Shoals:3 | Reached skill level 19 in Air Magic
 40111 | Shoals:3 | Reached skill level 5 in Stealth
 40604 | Shoals:4 | Entered Level 4 of the Shoals
 41415 | Shoals:4 | Reached XP level 19. HP: 102/118 MP: 15/38
 41805 | Shoals:4 | Got a barnacled rune of Zot
 42061 | Shoals:4 | Found Duseras's Antique Armour Shop.
 42527 | Lair:1   | Upgraded the game from 0.31-a0-965-g8a8ce12e04 to
                  | 0.31-a0-986-g5e6e4ef867
 42817 | D:12     | Found Nuucw's Weapon Shoppe.
 43041 | D:12     | Noticed Azrael
 43063 | D:12     | Killed Azrael
 43332 | D:12     | Noticed Rupert
 43352 | D:12     | Paralysed by Rupert for 2 turns
 43362 | D:12     | Killed Rupert
 43711 | D:12     | Found a shimmering blue altar of Sif Muna.
 43829 | D:12     | Identified the +8 morningstar of World's End {speed,
                  | Fragile rC+ MP+9 Dex+2}
 43869 | D:12     | Reached skill level 15 in Spellcasting
 44079 | D:12     | Noticed Maurice
 44084 | D:12     | Killed Maurice
 44800 | D:13     | Found a gate to the Vaults.
 45340 | D:14     | Found the +8 frozen axe "Frostbite" {freeze, freezing
                  | cloud, *Noise Fly rC+}
 45953 | D:15     | Entered Level 15 of the Dungeon
 46058 | D:15     | Found a staircase to the Depths.
 46228 | D:15     | Reached skill level 20 in Air Magic
 46261 | D:15     | Found a radiant altar of Vehumet.
 46964 | Vaults:5 | Identified the "Fipiaqia"
 46964 | WizLab   | Identified the "Abeirgh"
 46964 | Depths:2 | Identified the of Woicly
 46964 | Elf:1    | Entered Level 1 of the Elven Halls
 47517 | Elf:1    | Reached XP level 20. HP: 124/124 MP: 27/40
 47601 | Elf:1    | Reached skill level 10 in Conjurations
 47890 | Elf:2    | Identified the of Boicum
 47890 | Elf:2    | Identified the "Ynwimn"
 47890 | Elf:2    | Identified the "Penar"
 47985 | Elf:2    | Found a runed translucent gate.
 47986 | Elf:2    | Found a runed translucent gate.
 47986 | Elf:2    | Found a runed translucent gate.
 48182 | Elf:2    | Found a runed translucent door.
 48185 | Elf:2    | Noticed Beno's ghost (journeyman HuNe)
 48250 | Elf:2    | Killed Beno's ghost
 48863 | Elf:2    | Noticed Nikola
 48940 | Elf:2    | Killed Nikola
 49425 | Elf:3    | Identified the of Xiaxicos
 49425 | Elf:3    | Identified the of Dothregie
 49425 | Elf:3    | Entered Level 3 of the Elven Halls
 49807 | Elf:3    | Identified the +1 eveningstar of Myuqooho {speed, rN+}
 49981 | Elf:3    | Identified the +6 war axe of Gees {drain, rC++ Str-5 Int+10
                  | Dex-5}
 49996 | Elf:3    | Reached skill level 15 in Dodging
 50036 | Elf:3    | Identified the +3 glaive "Zarphamo" {venom, Contam rCorr
                  | SInv}
 50308 | Elf:3    | Identified a scroll of acquirement
 50573 | Elf:3    | Identified the +3 mace "Gukkias" {heavy, Str-2 SInv Stlth+}
 50627 | Elf:3    | Identified the +5 morningstar of Rineameu {pain, rElec
                  | rPois rN+ Dex-3}
 50641 | Elf:3    | Reached skill level 21 in Air Magic
 51079 | Vaults:1 | Entered Level 1 of the Vaults
 51111 | Vaults:1 | Found Uraep's Magic Scroll Emporium.
 51202 | Vaults:1 | Reached XP level 21. HP: 131/131 MP: 30/42
 52237 | Vaults:1 | Reached skill level 15 in Evocations
 52393 | Vaults:1 | Found Qeum's Armour Shoppe.
 52548 | Vaults:1 | Bought the +0 mask of the Dragon {Will+ Slay+3 SInv} for
                  | 601 gold pieces
 52548 | Vaults:1 | Found the +0 mask of the Dragon {Will+ Slay+3 SInv}
 53324 | Vaults:2 | Learned a level 8 spell: Maxwell's Capacitive Coupling
 53407 | Vaults:2 | Noticed Zenata
 53412 | Vaults:2 | Killed Zenata
 53626 | Vaults:2 | Noticed a dread lich
 54207 | Vaults:2 | Killed a dread lich
 54232 | Vaults:2 | Found a staircase to the Crypt.
 54401 | Vaults:2 | Reached XP level 22. HP: 138/138 MP: 33/43
 54815 | Vaults:3 | Found Raor's Distillery.
 54815 | Vaults:3 | Found Erunad's Antique Armour Emporium.
 54851 | Vaults:3 | Reached skill level 22 in Air Magic
 55344 | Vaults:3 | Found Boask's Antique Weapon Shoppe.
 56039 | Vaults:3 | Acquired 1160 gold pieces
 56262 | Vaults:3 | Found a runed translucent gate.
 56262 | Vaults:3 | Found a runed translucent gate.
 56262 | Vaults:3 | Found a runed translucent gate.
 56784 | Vaults:3 | Found Optu's Antique Weapon Boutique.
 56864 | Vaults:3 | Noticed Yhagabbo's ghost (adept DrCj)
 56878 | Vaults:3 | Killed Yhagabbo's ghost
 56902 | Vaults:3 | Identified the -2 pair of gloves of Least Resistance
                  | {Contam rF++ Regen+ Str+4}
 57113 | Vaults:3 | Reached skill level 15 in Fighting
 58741 | Vaults:5 | Entered Level 5 of the Vaults
 58745 | Vaults:5 | Reached XP level 23. HP: 106/144 MP: 45/45
 58753 | Vaults:5 | HP: 7/144 [spore (12)]
 58753 | Vaults:5 | Killed by an exploding ball lightning

Illustrated notes

Levels and vault maps discovered:
D:1:      kennysheep_arrival_forest, layout_basic, serial_shops,
          nicolae_shop_just_a_little_nook, chequers_ecumenical_altar_grove
D:2:      layout_rooms, serial_bayou_pond_c, grunt_decor_junction,
          kennysheep_generic_room_6
D:3:      layout_rooms, led_xom_imps, cheibrodos_ashenzari_chains,
          goddamned_bats, uniq_jessica
D:4:      layout_basic, serial_curves, eino_curves_04, eino_curves_04,
          serial_shops, nicolae_take_the_stairs, uniq_edmund,
          uniq_crazy_yiuf_cottage
D:5:      layout_basic, lemuel_tele_altar, nicolae_wu_jian_glorious_leap,
          minmay_temple_entry_butterflies
D:6:      old_forge, layout_loops_ring, serial_shops, nicolae_shop_crystal
D:7:      layout_basic, gammafunk_ghost_stat_death, minmay_quadrilaterals
D:8:      lemuel_castle_with_subvaults [lemuel_castle_interior_carwin_3],
          layout_loops_ring, makhleb_grotto_becter, minmay_misc_feat_rows
D:9:      layout_small_grid, lair_entry_dummy, grunt_ogre_cave,
          blue_anna_alchemist
D:10:     hellmonk_paralyzer, layout_basic, nzn_sisyphean_effort
D:11:     layout_basic, david_orc_1_choice, grunt_ministairs_12,
          kennysheep_generic_room_15
D:12:     evilmike_library_of_no_secrets, layout_loops_ring, serial_shops,
          nicolae_shop_stone, nicolae_hexahallways, uniq_rupert, uniq_azrael,
          uniq_maurice
D:13:     layout_basic, grunt_vaults_entry_fortified
D:14:     layout_irregular_city, dreamdust_princess_corridor, minivault_19
D:15:     grunt_enter_depths_giant_problem, layout_small_grid, vehumet_crystals
Temple:   hellmonk_temple_divided_pantheon
Lair:1:   layout_roguey, serial_bayou_pond_a, serial_bayou_ford_a,
          nicolae_lair_grazing_beasts [nicolae_sub_lair_graze_edge,
          nicolae_sub_lair_graze_edge, nicolae_sub_lair_graze_edge,
          nicolae_sub_lair_graze_edge]
Lair:2:   layout_misc_corridors, gammafunk_ghost_grave,
          pdpol_lair_cabin_in_the_woods, grunt_megastairs_1
Lair:3:   layout_cellular_growth, minmay_shoals_entry_lonely_mermaid,
          nicolae_spider_entry_tight_spaces
Lair:4:   layout_regular_city, slime_entry_1, nicolae_quartered_pool_medium,
          st_stairs_13, minmay_lair_oklob_items, serial_bayou_shore_a,
          lemuel_fruit_tree, infiniplex_staircase_pool_2, lemuel_fruit_fields
Lair:5:   wormcave, layout_regular_city, hangedman_lair_in_review, uniq_kirke
Shoals:1: layout_shoals, nicolae_shoals_land_atoll
Shoals:2: layout_shoals
Shoals:3: layout_shoals, nicolae_shoals_water_elemental_grotto
Shoals:4: shoals_end_hangedman, layout_shoals, serial_shops, shop,
          nicolae_shoals_circle_sea_wall
Spider:1: layout_cave_pods, nicolae_spider_nook
Spider:2: nicolae_spider_hall_of_the_moth_king, nicolae_spider_spiderdrome
Spider:3: layout_spider_delve
Spider:4: spider_rune_water, uniq_louise
Orc:1:    layout_diamond_mine, serial_shops, nicolae_shop_vocational, uniq_erica
Orc:2:    st_orc_pillars, layout_caves,
          portal_ice_cave_entry_animals_and_master, serial_shops, shop
Elf:1:    layout_gridlike, hangedman_corner_corridor
Elf:2:    nicolae_elf_blades_crystal_corner, layout_gridlike,
          ebering_ghost_reflecting_pool, bh_hangedman_babel_library, uniq_nikola
Elf:3:    minmay_elf_hall_quartered_circle, layout_geoelf_grid
Vaults:1: nicolae_vaults_network_star, ontoclasm_vaults_chip,
          nicolae_vaults_little_squares_3, vaults_mumra_chevron,
          v_alt_pattern_1, nicolae_vaults_trapezoid_lopsided_1,
          nicolae_vaults_tetromino_T_2, nicolae_vaults_trapezoid_1,
          nicolae_vaults_storage_closets_3, nicolae_vaults_more_shelving_2,
          vaults_dpeg_emergency_exit, vaults_mumra_hexcomb,
          nicolae_vaults_taking_the_gang_shopping, ontoclasm_vaults_idyll,
          v_alt_pattern_3, layout_vaults_maze_bifur, serial_shops,
          nicolae_shop_getting_attention
Vaults:2: nicolae_vaults_diffraction_hallways, nicolae_vaults_mini_display_case,
          nicolae_vaults_trapezoid_layered, minmay_crypt_entry_simple_corners,
          ontoclasm_vaults_ligature, dpeg_vaults_monster_box,
          nicolae_vaults_sesquioval_fish, v_misc_22, vaults_dpeg_ring, v_misc_1,
          nicolae_vaults_tetromino_L_1, nicolae_vaults_stepped_doors,
          layout_vaults_ring, uniq_zenata
Vaults:3: gammafunk_ghost_tricky_traps, dpeg_vaults_hating_casters,
          vaults_mumra_lcd, nicolae_vaults_ring_of_whatevers, vaults_room_fours,
          v_misc_28, vaults_room_fours, layout_vaults_quadrants, serial_shops,
          shop, shop, shop, nicolae_shop_pleasant_corner_grove
Vaults:4: nicolae_vaults_back_hallway, nicolae_vaults_tangram_1,
          nicolae_vaults_storage_closets_1, nicolae_vaults_trapezoid_3,
          nicolae_vaults_octothorpe, nicolae_vaults_border_crossing,
          hangedman_vaults_capsules, v_pattern_2, layout_vaults_big_room
Vaults:5

Skill      XL: |  1  2  3  4  5  6  7  8  9 10 11 12 13 14 15 16 17 18 19 20 21 22 23 |
---------------+----------------------------------------------------------------------+-----
Conjurations   | 2 3 4 5 6 7 8 9 11 12 13 14 | 14.0
Air Magic      | 5 6 7 9 11 12 13 14 15 16 17 18 19 20 21 22 | 22.9
Fighting       | 1 2 3 4 5 6 7 8 9 10 11 12 13 14 15 | 15.3
Dodging        | 3 4 5 7 8 10 11 12 13 14 15 16 | 16.6
Spellcasting   | 3 5 6 8 9 10 11 12 13 14 15 16 17 | 17.5
Short Blades   | 1 2 3 |  3.5
Poison Magic   | 1 2 3 4 5 6 7 8 9 |  9.1
Stealth        | 3 4 5 |  5.3
Evocations     | 1 3 5 6 8 10 12 13 14 15 | 15.3
Shields        | 1 2 4 5 7 8 9 10 | 10.3
Fire Magic     | 2 5 6 7 8 9 10 11 12 13 14 | 14.3
Ice Magic      | 1 2 3 |  3.2
Long Blades    | 1 |  1.3

Action                     |  1- 3 |  4- 6 |  7- 9 | 10-12 | 13-15 | 16-18 | 19-21 | 22-24 || total
---------------------------+-------+-------+-------+-------+-------+-------+-------+-------++-------
  Melee: Dagger            |    11 |    16 |    72 |   118 |    85 |     5 |    27 |     2 ||   336
         Peck              |     1 |     4 |    17 |    37 |    26 |    17 |    21 |    12 ||   135
         Kick              |     1 |       |    24 |    37 |    41 |    25 |    34 |    16 ||   178
         Punch             |       |       |       |     1 |       |       |       |       ||     1
         Unarmed           |       |       |       |       |     2 |       |       |       ||     2
         Staff             |       |       |       |       |     1 |    23 |       |     6 ||    30
         Scimitar          |       |       |       |       |     9 |    22 |    26 |    19 ||    76
         Trishula          |       |       |       |       |       |       |     6 |       ||     6
   Cast: Shock             |    65 |    86 |   140 |   184 |   175 |   205 |   147 |    10 ||  1012
         Static Discharge  |       |    17 |    42 |    73 |   144 |    91 |   100 |    48 ||   515
         Poisonous Vapours |       |       |    63 |    54 |    38 |   135 |    76 |    37 ||   403
         Swiftness         |       |       |     1 |       |       |       |       |     1 ||     2
         Airstrike         |       |       |     9 |    73 |   175 |   377 |   507 |   186 ||  1327
         Olgreb's Toxic Ra |       |       |       |    28 |    77 |    77 |    84 |    29 ||   295
         Fireball          |       |       |       |     4 |     6 |     1 |     1 |     1 ||    13
         Freezing Cloud    |       |       |       |       |    46 |    40 |   112 |    33 ||   231
         Plasma Beam       |       |       |       |       |    19 |    82 |    16 |    26 ||   143
         Conjure Ball Ligh |       |       |       |       |       |     1 |     3 |     9 ||    13
         Maxwell's Capacit |       |       |       |       |       |       |     4 |       ||     4
  Evoke: Wand              |       |       |       |       |       |     3 |     3 |       ||     6
    Use: Potion            |       |     2 |       |       |       |     5 |     1 |     1 ||     9
         Scroll            |       |       |     3 |     8 |     7 |     4 |    11 |     2 ||    35
   Stab: Sleeping          |     1 |     1 |     9 |     9 |    14 |     5 |    14 |     1 ||    54
         Distracted        |       |       |       |     1 |       |       |       |       ||     1
         Petrified         |       |       |       |       |     3 |       |       |       ||     3
 Armour: Robe              |     8 |    46 |    92 |   177 |   285 |       |       |       ||   608
         Animal skin       |       |       |       |       |    46 |   301 |   369 |   183 ||   899
  Dodge: Dodged            |    18 |    42 |   127 |   224 |   258 |   374 |   346 |   166 ||  1555
  Block: Other             |       |    14 |    32 |    29 |       |       |       |       ||    75
         Reflection        |       |     2 |       |     1 |       |    21 |    34 |    11 ||    69
         Buckler           |       |       |       |    70 |   132 |   178 |   157 |    88 ||   625

Table legend: (Time is in decaauts)
 A = Elapsed time spent in this place.
 B = Non-inter-level travel time spent in this place.
 C = Inter-level travel time spent in this place.
 D = Time resting spent in this place.
 E = Time spent auto-exploring this place.
 F = Levels seen in this place.
 G = Mean time per level.
                   A        B        C        D        E       F      G
               +--------+--------+--------+--------+--------+-----+--------+
         Total |  58822 |  54894 |   3928 |  10154 |  31979 |  40 | 1470.6 |
       Dungeon |  20866 |  19072 |   1794 |   1317 |  14648 |  15 | 1391.1 |
        Temple |     26 |     18 |      8 |      0 |      0 |   1 |   26.0 |
          Lair |   7585 |   6704 |    881 |    630 |   4499 |   5 | 1517.0 |
        Shoals |   5531 |   5376 |    155 |    922 |   3304 |   4 | 1382.8 |
   Spider Nest |   9427 |   8962 |    465 |   3831 |   3324 |   4 | 2356.8 |
  Orcish Mines |   2258 |   1991 |    267 |    406 |    873 |   2 | 1129.0 |
   Elven Halls |   3768 |   3609 |    159 |    754 |   1353 |   3 | 1256.0 |
        Vaults |   7670 |   7476 |    194 |   1794 |   3421 |   5 | 1534.0 |
      Ice Cave |   1687 |   1687 |      0 |    500 |    556 |   1 | 1687.0 |
               +--------+--------+--------+--------+--------+-----+--------+

Top non-repeatable levels by time:
Spider:3: 3036 daAuts
     D:8: 2570 daAuts
Vaults:3: 2421 daAuts
Spider:1: 2393 daAuts
Spider:2: 2283 daAuts
  Lair:5: 2167 daAuts
Vaults:2: 2076 daAuts
     D:7: 1892 daAuts
  Lair:1: 1858 daAuts
     D:5: 1858 daAuts
    D:12: 1775 daAuts
Spider:4: 1714 daAuts
   IceCv: 1687 daAuts
Vaults:1: 1653 daAuts
Shoals:4: 1548 daAuts
